 Dungeon Crawl Stone Soup version 0.25-a0-388-g41a7e554cb (webtiles) character file.

Game seed: 8696576672130245091, levelgen mode: deterministic

24067 Borgoz the Basher (level 13, -4/84 HPs)
             Began as a Gargoyle Berserker on Jan 7, 2020.
             Was an Elder of Trog.
             Splashed by an acid dragon's acid (19 damage)
             ... on level 13 of the Dungeon.
             The game lasted 00:20:56 (12911 turns).

Borgoz the Basher (Gargoyle Berserker)             Turns: 12911, Time: 00:20:57

Health: -4/84      AC: 28    Str: 23    XL:     13   Next: 10%
Magic:  13/13      EV: 11    Int:  8    God:    Trog [****..]
Gold:   1476       SH:  0    Dex: 15    Spells: 12/12 levels left

rFire    + . .     SeeInvis .   l - +3 great mace
rCold    + . .     Gourm    .   (shield currently unavailable)
rNeg     + + +     Faith    .   A - +0 plate armour
rPois    ∞         Spirit   .   e - +0 helmet
rElec    +         Reflect  .   K - +0 cloak
rCorr    .         Harm     +   y - +0 pair of gloves
MR       .....                  f - +2 pair of boots of Lies {Dex+5 Slay+6}
Stlth    ..........             H - amulet "Idykeim" {Harm *Drain +Blink rN+}
HPRegen  0.24/turn              I - ring of Wolocseg {rF+ rN++ Str-2}
MPRegen  0.13/turn              T - ring of protection from cold

@: corroded
A: negative energy resistance 1, electricity resistance, unbreathing,
petrification resistance, rot immunity, AC +9
a: Berserk, Trog's Hand, Brothers in Arms, Renounce Religion, Evoke Blink


You were on level 13 of the Dungeon.
You worshipped Trog.
Trog was greatly pleased with you.
You were not hungry.

You visited 2 branches of the dungeon, and saw 14 of its levels.
You also visited: Ice Cave.

You collected 1476 gold pieces.

Inventory:

Hand Weapons
 l - a +3 great mace (weapon)
 w - the +5 scimitar of the Spider {slice, rElec rPois rF+ Dex+7}
   (You found it on level 7 of the Dungeon)

   It inflicts extra damage upon your enemies.
   It affects your dexterity (+7).
   It protects you from fire.
   It insulates you from electricity.
   It protects you from poison.
 z - a +0 morningstar
Missiles
 v - 4 throwing nets (quivered)
Armour
 e - a +0 helmet (worn)
 f - the +2 pair of boots of Lies (worn) {Dex+5 Slay+6}
   (You found it on level 6 of the Dungeon)

   It affects your dexterity (+5).
   It affects your accuracy and damage with ranged weapons and melee attacks
   (+6).
 y - a +0 pair of gloves (worn)
 A - a +0 plate armour (worn)
 K - a +0 cloak (worn)
Jewellery
 h - a +6 amulet of reflection
 q - an uncursed ring of ice
 C - an uncursed ring of see invisible
 H - the amulet "Idykeim" (around neck) {Harm *Drain +Blink rN+}
   (You found it on level 8 of the Dungeon)

   [amulet of harm]

   It increases damage dealt and taken.
   It protects you from negative energy.
   It lets you blink.
   It causes draining when unequipped.
 I - the ring of Wolocseg (left hand) {rF+ rN++ Str-2}
   (You found it on level 8 of the Dungeon)

   [ring of protection from fire]

   It affects your strength (-2).
   It protects you from fire.
   It greatly protects you from negative energy.
 P - an uncursed amulet of guardian spirit {unknown}
 R - an uncursed ring of positive energy
 S - the ring "Geymexuc" {rPois SInv}
   (You found it in an ice cave)

   [ring of see invisible]

   It protects you from poison.
   It lets you see invisible.
 T - a ring of protection from cold (right hand)
 U - an uncursed ring of flight
 V - a +4 amulet of reflection
Wands
 a - a wand of paralysis (11)
 B - a wand of digging (6)
 O - a wand of flame (25)
Scrolls
 b - 9 scrolls of teleportation
 g - 2 scrolls of fear {unknown}
 j - a scroll of amnesia {unknown}
 k - a scroll of magic mapping
 m - 3 scrolls of enchant weapon {unknown}
 n - a scroll of identify
 t - 4 scrolls of remove curse
 D - 3 scrolls of blinking {unknown}
 E - 2 scrolls of noise {unknown}
 F - a scroll of fog {unknown}
 G - a scroll of enchant armour {unknown}
 J - a scroll of brand weapon {unknown}
Potions
 d - a potion of flight
 i - 7 potions of curing
 p - a potion of agility
 r - a potion of lignification {unknown}
 s - 2 potions of magic
 u - 2 potions of mutation {unknown}
 x - a potion of cancellation {unknown}
 L - a potion of resistance
 M - a potion of brilliance {unknown}
 W - a potion of invisibility {unknown}
Comestibles
 c - 20 rations
 o - a chunk of flesh


   Skills:
 + Level 11.0 Fighting
 * Level 13.4 Maces & Flails
 + Level 10.6 Armour
 + Level 8.2 Dodging
   Level 5.0 Shields


You had 12 spell levels left.
You didn't know any spells.
Your spell library was empty.

Dungeon Overview and Level Annotations

Branches:
Dungeon (13/15)            Temple (1/1) D:5            Lair (0/6) D:8
    Orc (0/2) D:9          Vaults (0/5) D:13          IceCv (visited)

Altars:
Ashenzari
Dithmenos
Elyvilon
Gozag
Hepliaklqana
Makhleb
Nemelex Xobeh
Okawaru
Qazlal
Ru
Sif Muna
Trog
Uskayaw
Vehumet
Yredelemnul
Zin
The Shining One
Beogh

Shops:
D:8 %   D:11 (

Annotations:
D:7 3 runed translucent doors, TheNamelessOne's ghost, novice OpIE


Innate Abilities, Weirdness & Mutations

You are resistant to torment.
Your stone body is resilient. (AC +9)
You are immune to poison.
You resist negative energy. (rN+)
You are resistant to electric shocks. (rElec)
You can survive without breathing.
You are immune to petrification.
You are immune to rotting.


Message History

There is an open door here.
You feel better.
The white ugly thing trunk-slaps you but does no damage.
Throwing (i - inventory)
v - 5 throwing nets (quivered)
Press: ? - help, Shift-Dir - straight line, f - white ugly thing
Aim: a white ugly thing (moderately wounded)
You throw a throwing net.
The throwing net hits the white ugly thing.
The white ugly thing is caught in the net!
The white ugly thing is moderately wounded.
The white ugly thing struggles against the net.
You bludgeon the white ugly thing!!
You kill the white ugly thing!
Trog accepts your kill.
Your Fighting skill increases to level 11!
The acid dragon spits acid at you. The splash of acid hits you.
* * * LOW HITPOINT WARNING * * *
You are splashed with acid!
You die...

#....# #........... #.
#....# #...........
#...#..D.####..
#..##..#####
...............
#...........
###W######################
#.......#.+...............
####.^....#....##..##...##
#####'###....##..##...#
#....D(@..............#
#######################


You could see a hungry ghost and an acid dragon.

Vanquished Creatures
  Erolcha (D:9)
  2 ice dragons (IceCv)
  A hydra (D:12)
  A catoblepas (D:13)
  A death knight (D:12)
  A two-headed ogre (D:12)
  Nergalle (D:10)
  2 deep elf magi (D:12)
  5 ugly things
  2 ice statues (IceCv)
  A gargoyle (D:13)
  Maggie (D:8)
  2 rime drakes (IceCv)
  2 trolls
  3 hippogriffs
  A shadow (D:11)
  17 yaks
  A wraith (D:13)
  2 hogs (D:9)
  A human (D:9)
  A hungry ghost (D:8)
  8 orc warriors
  3 sky beasts
  2 eyes of draining
  2 black bears
  2 phantoms
  17 ice beasts
  2 necrophages
  11 centaurs
  3 ogres
  2 big kobolds
  6 bullfrogs
  7 scorpions
  19 wights
  9 killer bees
  6 howler monkeys
  7 crimson imps
  7 hounds
  4 centaur skeletons
  5 jellies
  13 orc wizards
  4 centaur zombies
  10 orc priests
  A gnoll shaman (D:5)
  7 worker ants
  2 bullfrog skeletons
  2 iguanas
  3 worker ant zombies
  A howler monkey zombie (D:11)
  15 gnolls
  A howler monkey skeleton (D:6)
  13 adders
  4 shadow imps
  2 oozes
  3 worms (D:2)
  A dart slug (D:2)
  6 leopard geckos
  54 orcs
  2 giant cockroaches
  6 goblins
  7 hobgoblins
  15 jackals
  12 kobolds
  5 quokkas
  6 bats
  7 frilled lizards
  A quokka zombie (D:6)
  6 rats
380 creatures vanquished.

Vanquished Creatures (others)
  3 kobolds (D:12)
3 creatures vanquished.

Grand Total: 383 creatures vanquished

Notes
Turn   | Place    | Note
-------+----------+-------------------------------------------
     0 | D:1      | Borgoz the Gargoyle Berserker began the quest for the Orb.
     0 | D:1      | Reached XP level 1. HP: 14/14 MP: 1/1
    22 | D:1      | Reached XP level 2. HP: 19/19 MP: 2/2
   637 | D:2      | Reached XP level 3. HP: 23/23 MP: 3/3
   771 | D:2      | Reached ** piety under Trog
   927 | D:2      | Reached XP level 4. HP: 26/29 MP: 4/4
  1341 | D:2      | Found a bloodstained altar of Trog.
  1376 | D:3      | Reached skill level 4 in Maces & Flails
  2292 | D:3      | Reached XP level 5. HP: 33/33 MP: 5/5
  2826 | D:4      | Reached XP level 6. HP: 26/39 MP: 6/6
  3163 | D:4      | Reached skill level 5 in Maces & Flails
  3191 | D:4      | Found a white marble altar of Elyvilon.
  3279 | D:4      | Found a stormy altar of Qazlal.
  3616 | D:5      | Entered Level 5 of the Dungeon
  3627 | D:5      | Found a shattered altar of Ashenzari.
  3669 | D:5      | Found a staircase to the Ecumenical Temple.
  3690 | D:5      | Reached *** piety under Trog
  3850 | D:5      | Reached XP level 7. HP: 40/44 MP: 7/7
  4037 | D:5      | Reached skill level 5 in Fighting
  4130 | Temple   | Entered the Ecumenical Temple
  4493 | D:6      | Reached skill level 6 in Maces & Flails
  4624 | D:6      | Reached XP level 8. HP: 24/50 MP: 8/8
  4701 | D:6      | Found a sparkling altar of Nemelex Xobeh.
  4829 | D:6      | Reached skill level 5 in Armour
  5062 | D:6      | Reached skill level 1 in Shields
  5108 | D:6      | Reached **** piety under Trog
  5505 | D:6      | Got a pair of scorched boots
  5511 | D:6      | Identified the +2 pair of boots of Lies {Dex+5 Slay+6} (You
                  | found it on level 6 of the Dungeon)
  5586 | D:7      | Reached skill level 7 in Maces & Flails
  5676 | D:7      | Found a runed translucent gate.
  5676 | D:7      | Found a runed translucent gate.
  5676 | D:7      | Found a runed translucent gate.
  5880 | D:7      | Reached XP level 9. HP: 55/55 MP: 9/9
  6169 | D:7      | Got a sapphire scimitar
  6173 | D:7      | Identified the +5 scimitar of the Spider {slice, rElec
                  | rPois rF+ Dex+7} (You found it on level 7 of the Dungeon)
  6214 | D:7      | Noticed TheNamelessOne's ghost (novice OpIE)
  6439 | D:8      | Reached skill level 8 in Maces & Flails
  6525 | D:8      | Found a staircase to the Lair.
  6554 | D:8      | Found a glowing silver altar of Zin.
  6555 | D:8      | Found a shimmering blue altar of Sif Muna.
  6555 | D:8      | Found a basalt altar of Yredelemnul.
  6556 | D:8      | Found an iron altar of Okawaru.
  6635 | D:8      | Noticed Maggie
  6650 | D:8      | Killed Maggie
  6677 | D:8      | Got a coiled lead amulet
  6708 | D:8      | Got a warped bronze ring
  6710 | D:8      | Identified the ring of Wolocseg {rF+ rN++ Str-2} (You found
                  | it on level 8 of the Dungeon)
  6712 | D:8      | Identified the amulet "Idykeim" {Harm *Drain +Blink rN+}
                  | (You found it on level 8 of the Dungeon)
  6770 | D:8      | Reached ***** piety under Trog
  6770 | D:8      | Received a gift from Trog
  6770 | D:8      | Reached skill level 5 in Dodging
  6811 | D:8      | Found Galot's Food Emporium.
  6817 | D:8      | Reached XP level 10. HP: 63/63 MP: 0/10
  7010 | D:9      | Reached skill level 9 in Maces & Flails
  7029 | D:9      | Noticed Erolcha
  7032 | D:9      | Killed Erolcha
  7181 | D:9      | Reached skill level 5 in Shields
  7494 | D:9      | Found a staircase to the Orcish Mines.
  7578 | D:9      | Found a roughly hewn altar of Beogh.
  7839 | D:9      | Reached skill level 10 in Maces & Flails
  7965 | D:10     | Entered Level 10 of the Dungeon
  7986 | D:10     | Received a gift from Trog
  8042 | D:10     | Reached XP level 11. HP: 60/69 MP: 11/11
  8093 | D:10     | Noticed Nergalle
  8096 | D:10     | Noticed a spectral orc warlord
  8103 | D:10     | Killed Nergalle
  8645 | D:11     | Reached skill level 11 in Maces & Flails
  8751 | D:11     | Found a frozen archway.
  8760 | IceCv    | Entered an ice cave
  9042 | IceCv    | HP: 1/71 [ice beast[an ice statue] (6)]
  9356 | IceCv    | Received a gift from Trog
  9564 | IceCv    | Noticed an ice dragon
  9574 | IceCv    | Killed an ice dragon
  9577 | IceCv    | Noticed an ice dragon
  9587 | IceCv    | Killed an ice dragon
  9587 | IceCv    | Reached XP level 12. HP: 23/77 MP: 12/12
  9614 | IceCv    | Got a coiled pewter ring
  9618 | IceCv    | Identified the ring "Geymexuc" {rPois SInv} (You found it
                  | in an ice cave)
  9978 | D:11     | Reached skill level 12 in Maces & Flails
 10363 | D:11     | Reached skill level 10 in Fighting
 10398 | D:11     | Found Rebets's Antique Weapon Shoppe.
 10799 | D:12     | Noticed a four-headed hydra
 10804 | D:12     | Killed a four-headed hydra
 10850 | D:12     | Noticed a two-headed ogre
 10854 | D:12     | Killed a two-headed ogre
 10951 | D:12     | Received a gift from Trog
 10956 | D:12     | Reached skill level 10 in Armour
 11276 | D:12     | Noticed a death knight
 11298 | D:12     | Killed a death knight
 11975 | D:12     | Reached skill level 13 in Maces & Flails
 12475 | D:13     | Noticed a catoblepas
 12482 | D:13     | Killed a catoblepas
 12482 | D:13     | Reached XP level 13. HP: 84/84 MP: 13/13
 12678 | D:13     | Found a gate to the Vaults.
 12911 | D:13     | Splashed by an acid dragon's acid

Levels and vault maps discovered:
D:1:      dpeg_arrival_stonehenge_8_columns, layout_loops_ring
D:2:      layout_loops_ring, trog_book
D:3:      layout_basic, first_ration
D:4:      layout_loops_corners, elyvilon_altar_3, grunt_qazlal_clouds
D:5:      layout_loops_ring, ashenzari_conservatory_becter,
          minmay_temple_entry_stoned_glass, chequers_serial_rivers_micro_c
D:6:      layout_cave_pods, nemelex_xobeh_ov_fountains_minmay
D:7:      layout_loops_cross, gammafunk_ghost_icy, minmay_fractal_squares_5
D:8:      layout_gridville, chequers_temple_overflow_statue_of_worship,
          lair_entry_dummy, serial_shops, nicolae_shop_crystal, uniq_maggie
D:9:      layout_irregular_city, minmay_orc_entry_temple_large, grunt_livestock,
          hangedman_corner_corridor, uniq_erolcha
D:10:     layout_cave_pools, kennysheep_generic_room_3, uniq_nergalle
D:11:     layout_basic, portal_ice_cave_entry_pillars_1, serial_shops,
          nicolae_shop_temple_entry_statues_fountains, solitary_fountain
D:12:     layout_loops_ring
D:13:     minmay_recursive_quarters, layout_stronghold
Temple:   eino_narrow_crystal_temple

Skill      XL: |  1  2  3  4  5  6  7  8  9 10 11 12 13 |
---------------+----------------------------------------+-----
Dodging        | 2 3 4 5 6 7 8 |  8.2
Maces & Flails | 4 5 6 7 8 10 11 13 | 13.4
Armour         | 3 4 5 6 7 9 10 | 10.6
Fighting       | 4 5 6 7 8 9 10 11 | 11.0
Shields        | 2 4 5 |  5.0

Action                   |  1- 3 |  4- 6 |  7- 9 | 10-12 | 13-15 || total
-------------------------+-------+-------+-------+-------+-------++-------
Melee: Mace              |    90 |   214 |       |       |       ||   304
       Flail             |       |    12 |   268 |       |       ||   280
       Scimitar          |       |       |    67 |   268 |       ||   335
       Morningstar       |       |       |    14 |       |       ||    14
       Great mace        |       |       |       |   245 |    29 ||   274
Throw: Throwing net      |       |       |       |     1 |     1 ||     2
Invok: Berserk           |     1 |     3 |     3 |     6 |       ||    13
       Trog's Hand       |       |       |       |     1 |       ||     1
 Abil: Evoke Flight      |       |       |       |     1 |       ||     1
  Use: Scroll            |       |       |     5 |     5 |       ||    10
       Potion            |       |       |       |     2 |     2 ||     4
  Eat: Chunk             |     1 |    13 |    14 |    21 |       ||    49
       Ration            |       |       |       |     1 |     1 ||     2
Armor: Animal skin       |    38 |     2 |       |       |       ||    40
       Ring mail         |       |   115 |    47 |       |       ||   162
       Scale mail        |       |       |    98 |       |       ||    98
       Plate armour      |       |       |    61 |   416 |    26 ||   503
Dodge: Dodged            |    76 |   128 |   215 |   332 |    15 ||   766
Block: Other             |    11 |    86 |    37 |       |       ||   134
       Reflection        |       |       |     3 |       |       ||     3
       Buckler           |       |       |   178 |   110 |       ||   288
       Rpst.: Scimitar   |       |       |    13 |    71 |       ||    84

Table legend:
 A = Non-vault XP
 B = Vault XP
 C = Vault XP percentage of total XP
 D = Non-vault monster count
 E = Vault monster count
 F = Vault count percentage of total count
                 A         B        C        D         E       F
            +---------+---------+-------+---------+---------+-------
      Total |   24323 |   10059 |  29.3 |     321 |      59 |  15.5
            +---------+---------+-------+---------+---------+-------
        D:1 |      27 |       0 |   0.0 |      17 |       0 |   0.0
        D:2 |      88 |       0 |   0.0 |      20 |       0 |   0.0
        D:3 |     101 |       0 |   0.0 |      18 |       0 |   0.0
        D:4 |     301 |       0 |   0.0 |      14 |       0 |   0.0
        D:5 |     371 |       0 |   0.0 |      25 |       0 |   0.0
        D:6 |     855 |       0 |   0.0 |      26 |       0 |   0.0
        D:7 |     922 |     177 |  16.1 |      15 |       5 |  25.0
        D:8 |    1496 |     389 |  20.6 |      28 |       1 |   3.4
        D:9 |     747 |    3284 |  81.5 |      16 |      31 |  66.0
       D:10 |    2611 |     830 |  24.1 |      42 |       2 |   4.5
       D:11 |    4449 |       0 |   0.0 |      54 |       0 |   0.0
       D:12 |    7780 |       0 |   0.0 |      30 |       0 |   0.0
       D:13 |    4575 |       0 |   0.0 |      16 |       0 |   0.0
      IceCv |       0 |    5379 | 100.0 |       0 |      20 | 100.0
            +---------+---------+-------+---------+---------+-------
